[ AOE2 MATCH · #479242519 ]
UnrankedVietnamese vs Gurjaras
[ REPLAY ANALYSIS · EXTRACTED FROM THE RECORDED GAME ]
Feudal
—
Castle
—
Imperial
—
| APM avg | 16.8 |
| APM peak | 94 |
| eAPM avg | 15.7 |
| Villagers / military | 20 / 0 |
Focus
⚔️ 2.8% · 🌾 97.2%
Feudal
—
Castle
—
Imperial
—
| APM avg | 6.8 |
| APM peak | 24 |
| eAPM avg | 3.3 |
| Villagers / military | 6 / 0 |
Focus
⚔️ 0.0% · 🌾 100.0%
Feudal
—
Castle
—
Imperial
—
| APM avg | 18.7 |
| APM peak | 55 |
| eAPM avg | 6.2 |
| Villagers / military | 21 / 0 |
Focus
⚔️ 2.4% · 🌾 97.6%
Feudal
—
Castle
—
Imperial
—
| APM avg | 24.0 |
| APM peak | 50 |
| eAPM avg | 4.9 |
| Villagers / military | 16 / 0 |
Focus
⚔️ 2.3% · 🌾 97.7%
Feudal
—
Castle
—
Imperial
—
| APM avg | 16.7 |
| APM peak | 31 |
| eAPM avg | 5.6 |
| Villagers / military | 21 / 0 |
Focus
⚔️ 2.0% · 🌾 98.0%
Fishing Ship ×7
Feudal
—
Castle
—
Imperial
—
| APM avg | 12.6 |
| APM peak | 33 |
| eAPM avg | 7.7 |
| Villagers / military | 19 / 0 |
Focus
⚔️ 10.8% · 🌾 89.2%
Match map
Initial resources + every placement click. Lines = walls · curves = elevation contours. ◆ gold · ⬟ stone · ● berries · ✦ relic · ◌ wall gap
Your base
Kero 654321's base
BleakAftershock's base
aszsgs's base
Biscoitoso's base
eXo BlackOut's base
Smoothed initial terrain · ◌ = detected wall gap · hover for details
Inputs per minute
— eXo Leech - - Kero 654321
Build order — eXo Leech
28 actions detected in the replay
| 1:53 | Build | Town Center |
| 2:13 | Build | House |
| 2:25 | Build | House |
| 3:44 | Create | Villager (Male) |
| 3:45 | Create | Villager (Male) |
| 3:45 | Create | Villager (Male) |
| 3:46 | Create | Villager (Male) |
| 3:46 | Create | Villager (Male) |
| 3:50 | Research | Loom |
| 3:51 | Create | Villager (Male) |
| 3:52 | Create | Villager (Male) |
| 3:52 | Create | Villager (Male) |
| 5:50 | Build | Barracks |
| 5:54 | Create | Villager (Male) |
| 5:54 | Create | Villager (Male) |
| 5:54 | Create | Villager (Male) |
| 6:38 | Create | Villager (Male) |
| 7:00 | Build | House |
| 7:34 | Create | Villager (Male) |
| 7:39 | Create | Villager (Male) |
| 7:53 | Create | Villager (Male) |
| 8:14 | Create | Villager (Male) |
| 8:34 | Build | House |
| 9:06 | Create | Villager (Male) |
| 9:21 | Create | Villager (Male) |
| 9:49 | Create | Villager (Male) |
| 9:50 | Create | Villager (Male) |
| 10:00 | Build | Mill |
Build order — Kero 654321
11 actions detected in the replay
| 2:11 | Build | Town Center |
| 5:27 | Create | Villager (Male) |
| 5:27 | Create | Villager (Male) |
| 6:57 | Create | Villager (Male) |
| 6:58 | Create | Villager (Male) |
| 6:58 | Create | Villager (Male) |
| 6:58 | Create | Villager (Male) |
| 7:15 | Build | House |
| 7:18 | Build | House |
| 7:23 | Build | House |
| 7:28 | Build | House |
Build order — BleakAftershock
25 actions detected in the replay
| 1:11 | Build | Town Center |
| 3:01 | Create | Villager (Male) |
| 3:01 | Create | Villager (Male) |
| 3:01 | Create | Villager (Male) |
| 3:02 | Create | Villager (Male) |
| 3:02 | Create | Villager (Male) |
| 4:16 | Create | Villager (Male) |
| 4:43 | Create | Villager (Male) |
| 4:44 | Create | Villager (Male) |
| 5:21 | Create | Villager (Male) |
| 5:32 | Create | Villager (Male) |
| 5:54 | Create | Villager (Male) |
| 6:16 | Create | Villager (Male) |
| 6:16 | Create | Villager (Male) |
| 6:53 | Create | Villager (Male) |
| 7:18 | Research | Loom |
| 7:34 | Create | Villager (Male) |
| 8:23 | Create | Villager (Male) |
| 8:53 | Create | Villager (Male) |
| 9:04 | Build | Lumber Camp |
| 9:15 | Build | Mill |
| 9:54 | Create | Villager (Male) |
| 10:18 | Create | Villager (Male) |
| 10:55 | Create | Villager (Male) |
| 11:15 | Create | Villager (Male) |
Build order — aszsgs
27 actions detected in the replay
| 0:13 | Build | Town Center |
| 2:38 | Create | Villager (Male) |
| 2:38 | Create | Villager (Male) |
| 2:38 | Create | Villager (Male) |
| 2:39 | Create | Villager (Male) |
| 3:04 | Research | Loom |
| 3:59 | Create | Villager (Male) |
| 4:00 | Create | Villager (Male) |
| 4:48 | Create | Villager (Male) |
| 4:48 | Create | Villager (Male) |
| 4:48 | Create | Villager (Male) |
| 5:41 | Build | Lumber Camp |
| 6:57 | Create | Villager (Male) |
| 6:57 | Create | Villager (Male) |
| 7:15 | Build | Palisade Wall |
| 8:39 | Build | Mill |
| 9:32 | Create | Villager (Male) |
| 9:32 | Create | Villager (Male) |
| 9:32 | Create | Villager (Male) |
| 10:16 | Create | Villager (Male) |
| 10:17 | Create | Villager (Male) |
| 10:47 | Build | Farm |
| 10:47 | Build | Farm |
| 10:47 | Build | Farm |
| 10:48 | Build | Farm |
| 10:48 | Build | Farm |
| 10:48 | Build | Farm |
Build order — Biscoitoso
32 actions detected in the replay
| 1:26 | Build | Town Center |
| 3:16 | Create | Villager (Male) |
| 3:16 | Create | Villager (Male) |
| 3:17 | Create | Villager (Male) |
| 3:17 | Create | Villager (Male) |
| 3:17 | Create | Villager (Male) |
| 4:24 | Research | Loom |
| 4:39 | Create | Villager (Male) |
| 5:07 | Create | Villager (Male) |
| 5:36 | Create | Villager (Male) |
| 6:15 | Create | Villager (Male) |
| 6:30 | Create | Villager (Male) |
| 6:45 | Build | Dock |
| 6:58 | Create | Villager (Male) |
| 7:23 | Create | Villager (Male) |
| 7:51 | Create | Villager (Male) |
| 7:52 | Create | Fishing Ship |
| 8:27 | Create | Fishing Ship |
| 8:30 | Create | Villager (Male) |
| 8:50 | Create | Villager (Male) |
| 8:55 | Create | Fishing Ship |
| 9:15 | Create | Fishing Ship |
| 9:27 | Create | Villager (Male) |
| 9:41 | Create | Fishing Ship |
| 9:57 | Create | Villager (Male) |
| 10:00 | Create | Fishing Ship |
| 10:17 | Create | Villager (Male) |
| 10:39 | Create | Villager (Male) |
| 10:52 | Build | Mining Camp |
| 10:56 | Create | Villager (Male) |
| 11:14 | Create | Fishing Ship |
| 11:17 | Create | Villager (Male) |
Build order — eXo BlackOut
31 actions detected in the replay
| 0:42 | Build | Town Center |
| 2:16 | Build | House |
| 2:18 | Build | House |
| 2:44 | Create | Villager (Male) |
| 2:44 | Create | Villager (Male) |
| 2:45 | Create | Villager (Male) |
| 2:45 | Create | Villager (Male) |
| 2:45 | Create | Villager (Male) |
| 3:50 | Research | Loom |
| 3:51 | Create | Villager (Male) |
| 4:44 | Create | Villager (Male) |
| 5:42 | Build | Barracks |
| 5:54 | Create | Villager (Male) |
| 5:54 | Create | Villager (Male) |
| 5:54 | Create | Villager (Male) |
| 6:54 | Build | House |
| 7:01 | Build | Palisade Wall |
| 7:18 | Create | Villager (Male) |
| 7:49 | Create | Villager (Male) |
| 8:38 | Create | Villager (Male) |
| 8:39 | Create | Villager (Male) |
| 8:39 | Create | Villager (Male) |
| 9:08 | Create | Villager (Male) |
| 9:09 | Create | Villager (Male) |
| 9:17 | Build | Mill |
| 9:30 | Create | Villager (Male) |
| 10:06 | Build | House |
| 10:08 | Build | House |
| 10:17 | Build | Farm |
| 10:33 | Create | Villager (Male) |
| 11:07 | Build | House |
Match timeline
| 5:42 | eXo BlackOut · first_building Barracks |
| 5:50 | eXo Leech · first_building Barracks |
| 6:45 | Biscoitoso · first_building Dock |
| 7:01 | eXo BlackOut · wall_segment Palisade Wall x5 |
| 7:15 | aszsgs · wall_segment Palisade Wall x2 |
| 9:35 | Kero 654321 · resign |
[ AI ANALYSIS · 1 CREDIT ]
What really happened in this match?
Wolo.gg analyzes every decision: build order, eco, micro, common mistakes by bracket. Personalized analysis on WhatsApp or Discord in 30 seconds.
Civ guide
Vietnamese
Perfil
Jugador #10312044